 Dungeon Crawl Stone Soup version 0.29-a0-289-g2178c42546 (webtiles) character file.

Game seed: 11244816788926318171

44 Zanetsu the Vandal (level 3, -5/28 HPs)
             Began as a Formicid Hunter on Mar 17, 2022.
             Killed by nerve-wracking pain
             ... invoked by Grinder
              (12 damage)
             ... on level 3 of the Dungeon.
             The game lasted 00:17:47 (1589 turns).

Zanetsu the Vandal (Formicid Hunter)                Turns: 1589, Time: 00:17:49

Health: -5/28      AC:  5    Str: 15    XL:     3   Next: 87%
Magic:  3/3        EV: 12    Int:  8    God:
Gold:   18         SH:  0    Dex: 16    Spells: 2/2 levels left

rFire   . . .      SeeInvis +   a - +1 hunting sling
rCold   . . .      Faith    .   (no shield)
rNeg    . . .      Spirit   .   q - +2 leather armour {rPois}
rPois   +          Reflect  .   (helmet unavailable)
rElec   .          Harm     .   (no cloak)
rCorr   .          Rampage  .   (no gloves)
Will    .....                   (no boots)
Stlth   ++........              (no amulet)
HPRegen 0.09/turn               (no ring)
MPRegen 0.08/turn               (no ring)

@: no status effects
A: permanent stasis, dig shafts and tunnels, antennae 3, four strong arms
a: Dig, Shaft Self


You were on level 3 of the Dungeon.
You visited 1 branch of the dungeon, and saw 3 of its levels.

You collected 18 gold pieces.

Inventory:

Hand Weapons
 a - a +1 hunting sling (weapon)
 d - a +0 whip
 h - a +0 rapier
 i - a +0 dagger
 j - a +0 short sword
 k - a +0 short sword
 m - a +0 dagger of venom
 o - a +2 war axe of electrocution
Missiles
 e - 131 stones
 l - 10 boomerangs
Armour
 b - a +0 leather armour
 n - a +0 cloak
 q - a +2 leather armour of poison resistance (worn)
Magical Staves
 g - a staff of death
Scrolls
 c - a scroll of immolation
 f - a scroll of identify {unknown}
Potions
 p - a potion of lignification {unknown}


   Skills:
 + Level 2.4 Fighting
 + Level 5.5 Slings
 + Level 0.6 Armour
 + Level 1.8 Dodging
 + Level 1.3 Stealth


You had 2 spell levels left.
You didn't know any spells.
Your spell library was empty.

Dungeon Overview and Level Annotations

Branches:
Dungeon (3/15)

Altars:

Annotations:
D:3 Grinder


Innate Abilities, Weirdness & Mutations

You cannot be hasted, slowed, berserked, paralysed or teleported.
You can dig through walls and to a lower floor.
You have a pair of large antennae on your head. (SInv)
Your four strong arms can wield two-handed weapons with a shield.


Message History

Press: ? - help, Shift-Dir - straight line, f - Grinder
Aim: Grinder (severely wounded, strong, 58% to hit)
You shoot a sling bullet. The sling bullet barely misses Grinder.
Grinder closely misses you.
Fire: a) +1 hunting sling
Press: ? - help, Shift-Dir - straight line, f/p - Grinder
Aim: Grinder (severely wounded, strong, 58% to hit)
You shoot a sling bullet.
The sling bullet closely misses Grinder.
Grinder blinks!
Fire: a) +1 hunting sling
Press: ? - help, Shift-Dir - straight line, f/p - Grinder
Aim: Grinder (severely wounded, strong, 58% to hit)
You shoot a sling bullet. The sling bullet hits Grinder.
Grinder is severely wounded.
Fire: a) +1 hunting sling
Press: ? - help, Shift-Dir - straight line, f/p - Grinder
Aim: Grinder (severely wounded, strong, 58% to hit)
You shoot a sling bullet. The sling bullet barely misses Grinder.
Grinder gestures at you.
Your stasis prevents you from being paralysed.
Fire: a) +1 hunting sling
Press: ? - help, Shift-Dir - straight line, f/p - Grinder
Aim: Grinder (severely wounded, strong, 58% to hit)
You shoot a sling bullet.
The sling bullet hits Grinder but does no damage.
Grinder is severely wounded.
Fire: a) +1 hunting sling
Press: ? - help, Shift-Dir - straight line, f/p - Grinder
Aim: Grinder (severely wounded, strong, 58% to hit)
You shoot a sling bullet.
The sling bullet closely misses Grinder.
Fire: a) +1 hunting sling
Press: ? - help, Shift-Dir - straight line, f/p - Grinder
Aim: Grinder (severely wounded, strong, 58% to hit)
You shoot a sling bullet.
The sling bullet closely misses Grinder.
Grinder gestures at you. Pain shoots through your body!
You die...

..........# #......#....#
.......##.#.###..#.#.####...
.......##.#......#..<.....#
.....####.#####.###########
.......................$
###†.....#.......#......
###......#..............
.........#..............
.........#......@..5....
.........#.......#.#####
###......######### .#
#......# # #......# ########


You could see Grinder (strong).

Vanquished Creatures
  An adder (D:3)
  A worm (D:3)
  4 bats
  7 endoplasms (D:1)
  A giant cockroach (D:1)
  A goblin (D:1)
  2 hobgoblins (D:1)
  5 ball pythons
  2 frilled lizards (D:1)
  2 kobolds (D:1)
  4 rats
30 creatures vanquished.

Vanquished Creatures (others)
  13 plants (D:3)
13 creatures vanquished.

Grand Total: 43 creatures vanquished

Notes
Turn   | Place    | Note
-------+----------+-------------------------------------------
     0 | D:1      | Zanetsu the Formicid Hunter began the quest for the Orb.
     0 | D:1      | Reached XP level 1. HP: 16/16 MP: 1/1
   318 | D:1      | Reached XP level 2. HP: 22/22 MP: 2/2
   353 | D:1      | Reached skill level 5 in Slings
   448 | D:1      | Reached XP level 3. HP: 25/28 MP: 3/3
  1573 | D:3      | Noticed Grinder
  1589 | D:3      | Killed from afar by Grinder

Illustrated notes

Levels and vault maps discovered:
D:1:      dpeg_arrival_rhombi, layout_basic, minmay_hedge_maze,
          grunt_decor_resistance
D:2:      layout_basic, kennysheep_generic_room_14
D:3:      wad_woods_stonehenge, layout_basic, serial_shops, shop, uniq_grinder

Skill      XL: |  1  2 |
---------------+-------+-----
Slings         | 5 |  5.5
Fighting       | |  2.4
Armour         | |  0.6
Dodging        | |  1.8
Stealth        | |  1.3

Action                   || total
-------------------------++-------
 Fire: Hunting sling     ||   101
 Abil: Dig               ||     6
Armor: Leather armour    ||    10
Dodge: Dodged            ||    29

Table legend: (Time is in decaauts)
 A = Elapsed time spent in this place.
 B = Non-inter-level travel time spent in this place.
 C = Inter-level travel time spent in this place.
 D = Time resting spent in this place.
 E = Time spent auto-exploring this place.
 F = Levels seen in this place.
 G = Mean time per level.
                   A        B        C        D        E       F      G
               +--------+--------+--------+--------+--------+-----+--------+
         Total |   1617 |   1553 |     64 |    100 |    219 |   3 |  539.0 |
       Dungeon |   1617 |   1553 |     64 |    100 |    219 |   3 |  539.0 |
               +--------+--------+--------+--------+--------+-----+--------+

Top non-repeatable levels by time:
     D:1: 1292 daAuts
     D:2: 173 daAuts
     D:3: 151 daAuts
